 Dungeon Crawl Stone Soup version 0.29.0-4-gdea44cf6ec (webtiles) character file.

Game seed: 8590652476572973488

1 Doot the Conjurer (level 1, 0/14 HPs)
             Began as a Meteoran Conjurer on Aug 27, 2022.
             Slain by a kobold
             ... wielding a +0 short sword of venom
              (4 damage)
             ... on level 1 of the Dungeon.
             The game lasted 00:01:14 (38 turns).

Doot the Conjurer (Meteoran Conjurer)                 Turns: 38, Time: 00:01:15

Health: 0/14       AC:  2    Str:  8    XL:     1   Next: 28%
Magic:  5/5        EV: 12    Int: 19    God:
Gold:   0          SH:  0    Dex: 12    Spells: 4/5 levels left

rFire   . . .      SeeInvis .   (no weapon)
rCold   . . .      Faith    .   (no shield)
rNeg    . . .      Spirit   .   a - +0 robe
rPois   +          Reflect  .   (no helmet)
rElec   .          Harm     .   (no cloak)
rCorr   .          Rampage  .   (no gloves)
Will    .....                   (no boots)
Stlth   +.........              (no amulet)
HPRegen 0.04/turn               c - ring of poison resistance
MPRegen 0.09/turn               (no ring)

@: glowing
A: sense surroundings 1, otherworldly, glowing, explore regen
a: no special abilities


You were on level 1 of the Dungeon.
You visited 1 branch of the dungeon, and saw 1 of its levels.

Inventory:

Armour
 a - a +0 robe (worn)
Jewellery
 c - a ring of poison resistance (left hand)
Potions
 b - a potion of magic


   Skills:
 + Level 2.4 Dodging
 + Level 1.4 Stealth
 + Level 2.6 Spellcasting
 + Level 4.9 Conjurations


You had 4 spell levels left.
You knew the following spells:

 Your Spells              Type           Power      Damage    Failure   Level
a - Magic Dart            Conj           84%        1d7       1%          1

Your spell library contained the following spells:

 Spells                   Type           Power      Damage    Failure   Level
 Searing Ray              Conj           42%        2d6       3%          2
 Dazzling Flash           Conj/Hex       22%        N/A       17%         3
 Fulminant Prism          Conj/Hex       5%         3d7       50%         4
 Iskenderun's Mystic Bla  Conj/Tloc      11%        2d4       50%         4


Dungeon Overview and Level Annotations

Branches:
Dungeon (1/15) Zot: 562

Altars:


Innate Abilities, Weirdness & Mutations

You passively map a small area around you.
You are easily found by Zot.
You glow in the dark.
You regain HP and MP as you explore.


Message History

Press: ? - help, Shift-Dir - straight line, f - dart slug
Aim: a dart slug (100% to hit)
The magic dart hits the dart slug.
The dart slug is moderately wounded.
The dart slug launches a dart at you. The slug dart hits you.
Casting: Magic Dart (safe; 1% risk of failure)
Confirm with . or Enter, or press ? or * to list all spells.
Aiming: Magic Dart (safe; 1% risk of failure)
Press: ? - help, Shift-Dir - straight line, f/p - dart slug
Aim: a dart slug (moderately wounded, 100% to hit)
The magic dart hits the dart slug.
The dart slug is moderately wounded.
Casting: Magic Dart (safe; 1% risk of failure)
Confirm with . or Enter, or press ? or * to list all spells.
Aiming: Magic Dart (safe; 1% risk of failure)
Press: ? - help, Shift-Dir - straight line, f/p - dart slug
Aim: a dart slug (moderately wounded, 100% to hit)
The magic dart hits the dart slug.
The dart slug is almost dead.
Unknown command.
You see here a scroll labelled YSI NOM BARUMOSTOM.
A ball python comes into view.
Found a glowing scarf and 7 stones.
The ball python hisses angrily.
A frilled lizard comes into view.
The frilled lizard hisses angrily.
Found a scroll labelled VAOFAESIWY.
The ball python bites you. The ball python misses you.
A goblin and a kobold come into view.
The kobold is wielding a +0 short sword of venom.
The goblin shouts!
A goblin comes into view. It is wielding a +0 club.
The goblin shouts!
The ball python attacks as you move away!
The ball python bites you.
* * * LOW HITPOINT WARNING * * *
The kobold attacks as you move away!
The kobold hits you with a +0 short sword of venom.
You die...

#####.#.# * ,
.....[.w########.
, *
..............l..
* *
.######..########
, , ##..##
####..### * ## ,
,
......#...###....
* ,
...?....(SK.g.g..
* * *
#########@#......
, ,
...........####*
, ########.....#
#...... ...... *
* * , ...... , ,
, * ##### * **


You could see a dart slug, 2 goblins, a ball python and a kobold.

Vanquished Creatures
  A bat (D:1)
1 creature vanquished.

Notes
Turn   | Place    | Note
-------+----------+-------------------------------------------
     0 | D:1      | Doot the Meteoran Conjurer began the quest for the Orb.
     0 | D:1      | Reached XP level 1. HP: 14/14 MP: 5/5
    38 | D:1      | Slain by a kobold

Illustrated notes

Levels and vault maps discovered:
D:1:      heliophobic_arrival_enchanted_forest, layout_rooms,
          shapermc_ecumenical_altar_flowoftime

Action                   || total
-------------------------++-------
 Cast: Magic Dart        ||     5
Dodge: Dodged            ||     2
